Arrhythmia, neutral female human Tourist ----- -------------- +..%.####)[#)............| #|...| |............| #..@@| #.............| #|f..| #|.........<..| ----- -------------- Arrhythmia the Excursionist Experience level: 7 Strength: 12 Dexterity: 14 Constitution: 16 Intelligence: 15 Wisdom: 8 Charisma: 12 Health: 0(41) Energy: 26(26) AC: 3 Gold: 1067 Moves: 1867 Your Inventory: Coins $ - 1067 gold pieces Amulets n - an [uncursed] pyramidal amulet [of reflection] (being worn) Weapons a - 26 uncursed +2 darts (in quiver) r - an [uncursed +0] runed dagger of fire & refl [& srch & warn (elven)] (weapon in hand) Armor k - an uncursed +0 Hawaiian shirt (being worn) q - an [uncursed] +0 banded mail (being worn) v - an [uncursed] +0 iron skull cap [orcish helm] (being worn) Comestibles d - 4 uncursed food rations e - 3 uncursed [stale] eggs f - an uncursed Hot Futa Mare Dick B - an [uncursed] lichen corpse Scrolls j - 4 uncursed scrolls of magic mapping p - an [uncursed] scroll labeled AQUE BRAGH [of remove curse] x - an [uncursed] scroll labeled HAPAX LEGOMENON [of identify] C - an [uncursed] unlabeled scroll [of blank paper] Potions h - a blessed potion of extra healing i - an uncursed potion of extra healing u - an [uncursed] bubbly potion [of monster detection] y - an [uncursed] ruby potion [of sickness] Rings t - an [uncursed -2] diamond ring [of gain strength] w - an [uncursed] quartz ring [of sustain ability] Tools l - an uncursed expensive camera (0:59) m - an uncursed credit card Spells known in the end: Name Level Category Fail Memory Your skills at the end: Fighting Skills Weapon Skills dart [Basic / Expert] Spellcasting Skills Final Attributes: You were stridently aligned. Hunger level was 656. Your alignment was 7 / 19. Monster difficulty range was 0 - 6. Level difficulty was 5. You were warned. You had automatic searching. You had reflection. Your luck was zero. You are dead. Vanquished creatures: 3 small mimics a housecat a fog cloud a shrieker a black naga hatchling 2 gray oozes 3 giant ants a kobold lord a rabid rat 3 giant bats an iguana 5 acid blobs 3 hobbits a large kobold a hobgoblin 2 giant rats 2 cave spiders a red mold a gnome zombie a gecko 4 jackals a goblin 3 grid bugs 3 bats 2 lichens 3 newts 51 creatures vanquished. Voluntary challenges: You were an atheist. You used a wielded weapon 74 times. You read items or engraved 151 times. You put on armor 3 times. You never genocided any monsters. You never polymorphed an object. You never changed form. You used no wishes. You wrote Elbereth's name 78 times. You never encountered a bones level. You never used any Sokoban shortcuts. Dungeon overview: The Dungeons of Doom: levels 1 to 5 Level 1 some fountains a long staircase Level 2 a fountain a long staircase Level 3 a scroll shop Level 4 a general store, a fountain Level 5 <- You were here History has recorded: On T:1 you entered the Dungeons of Doom to retrieve the Amulet of Yendor! On T:313 you reached level 2 of The Dungeons of Doom. On T:481 you advanced to experience level 2. On T:508 you advanced to experience level 3. On T:655 you advanced to experience level 4. On T:703 you reached level 3 of The Dungeons of Doom. On T:915 you advanced to experience level 5. On T:1022 you advanced to experience level 6. On T:1285 you reached level 4 of The Dungeons of Doom. On T:1735 you reached level 5 of The Dungeons of Doom. On T:1750 you advanced to experience level 7. Latest messages: [HP+1=13] You add "Elbereth" with your fingers to the writing in the dust. You hear a nearby zap. The magic missile hits Katia! The magic missile hits you! But it reflects from your weapon! You add "Elbereth" with your fingers to the writing in the dust. (3x) The Woodland-elf wields a runed broadsword! You add "Elbereth" with your fingers to the writing in the dust. [HP+1=14] You add "Elbereth" with your fingers to the writing in the dust. The Woodland-elf swings her runed broadsword. The Woodland-elf hits! [HP-10=4] You add "Elbereth" with your fingers to the writing in the dust. The Woodland-elf zaps a titanium wand! The magic missile hits you! But it reflects from your weapon! The magic missile hits the Woodland-elf. You add "Elbereth" with your fingers to the writing in the dust. The Woodland-elf swings her runed broadsword. The Woodland-elf hits! You die... Final status: Aloha Arrhythmia the Tourist... You died in The Dungeons of Doom on dungeon level 5 with 2622 points, and 1067 pieces of gold, after 1867 moves. You were level 7 with a maximum of 41 hit points when you died.